 Dungeon Crawl Stone Soup version 0.26-a0-1033-gd598b01645 (webtiles) character file.

Game seed: 7619594221395850299

2720 robertstho the Frost Mage (level 9, -3/66 HPs)
             Began as a Gnoll Ice Elementalist on Dec 10, 2020.
             Was a Believer of Vehumet.
             Slain by a komodo dragon (31 damage)
             ... on level 8 of the Dungeon.
             The game lasted 00:11:43 (8503 turns).

robertstho the Frost Mage (Gnoll Ice Elementalist)  Turns: 8503, Time: 00:11:43

Health: -3/66      AC:  7    Str: 10    XL:     9   Next: 66%
Magic:  15/19      EV: 16    Int: 21    God:    Vehumet [**....]
Gold:   397        SH:  0    Dex: 16    Spells: 5/21 levels left

rFire    x . .     SeeInvis .   C - +0 glaive (holy)
rCold    + . .     Faith    .   (shield currently unavailable)
rNeg     . . .     Spirit   .   a - +0 robe
rPois    .         Reflect  .   (no helmet)
rElec    .         Harm     .   (no cloak)
rCorr    .         Rampage  .   (no gloves)
Will     .....                  L - +0 pair of boots
Stlth    +++.......             (no amulet)
HPRegen  0.21/turn              e - ring of ice
MPRegen  0.16/turn              x - +4 ring of protection

@: very slightly contaminated
A: distributed training, fangs 1, strong nose
a: Renounce Religion


You were on level 8 of the Dungeon.
You worshipped Vehumet.
Vehumet was pleased with you.
You visited 2 branches of the dungeon, and saw 9 of its levels.

You collected 397 gold pieces.

Inventory:

Hand Weapons
 b - a +0 hand axe
 q - a +0 morningstar
 B - a +2 trident of freezing
 C - a +0 glaive of holy wrath (weapon)
 D - a +0 shortbow of freezing
 I - the +5 great mace of the Reaper {freeze, Str+4 Int-3 Dex+4}
   (You found it on level 7 of the Dungeon)

   It has been specially enchanted to freeze those struck by it, causing extra
   injury to most foes and up to half again as much damage against particularly
   susceptible opponents.
   It can also slow down cold-blooded creatures.
   It affects your strength (+4).
   It affects your intelligence (-3).
   It affects your dexterity (+4).
Missiles
 c - 259 stones
 d - 58 sling bullets
 i - 7 boomerangs
 k - 211 arrows
 p - 3 poisoned darts
 u - 47 bolts
Armour
 a - a +0 robe (worn)
 l - a +0 buckler
 L - a +0 pair of boots (worn)
Magical Staves
 t - an uncursed staff of death
Jewellery
 e - a ring of ice (left hand)
 x - a +4 ring of protection (right hand)
 y - an uncursed ring of flight
 J - an uncursed ring of stealth {unknown}
Wands
 o - a wand of digging (3)
 A - a wand of paralysis (6)
Scrolls
 f - 2 scrolls of fear {unknown}
 h - 3 scrolls of immolation {unknown}
 j - 2 scrolls of blinking {unknown}
 m - 3 scrolls of fog {unknown}
 v - 7 scrolls of teleportation {unknown}
 w - 4 scrolls of remove curse
 E - a scroll of amnesia {unknown}
 F - a scroll of enchant weapon {unknown}
 K - a scroll of identify
Potions
 g - 5 potions of curing {unknown}
 n - 2 potions of haste
 s - 2 potions of cancellation
 z - a potion of berserk rage
 G - a potion of ambrosia {unknown}
 H - a potion of degeneration {unknown}


   Skills:
 + Level 4.4 Fighting
 + Level 4.4 Short Blades
 + Level 4.4 Long Blades
 + Level 4.4 Axes
 + Level 4.4 Maces & Flails
 + Level 4.4 Polearms
 + Level 4.4 Staves
 + Level 4.4 Slings
 + Level 4.4 Bows
 + Level 4.4 Crossbows
 + Level 4.4 Throwing
 + Level 4.4 Armour
 + Level 6.5 Dodging
 + Level 6.2 Stealth
 + Level 4.4 Shields
 + Level 4.4 Unarmed Combat
 + Level 6.8 Spellcasting
 + Level 3.7 Conjurations
 + Level 3.7 Hexes
 + Level 3.7 Summonings
 + Level 3.7 Necromancy
 + Level 3.7 Translocations
 + Level 3.7 Transmutations
 + Level 3.7 Fire Magic
 + Level 8.1 Ice Magic
 + Level 3.7 Air Magic
 + Level 3.7 Earth Magic
 + Level 3.7 Poison Magic
 + Level 4.9 Invocations
 + Level 4.4 Evocations


You had 5 spell levels left.
You knew the following spells:

 Your Spells              Type           Power        Failure   Level
a - Freeze                Ice            ####         1%          1
b - Frozen Ramparts       Ice            ######       1%          3
c - Ozocubu's Armour      Ice            ######..     1%          3
d - Hailstorm             Conj/Ice       #####...     8%          4
e - Summon Ice Beast      Ice/Summ       #####...     8%          4
f - Apportation           Tloc           ###...       1%          1

Your spell library contained the following spells:

 Spells                   Type           Power        Failure   Level
 Shock                    Conj/Air       ###.         1%          1
 Animate Skeleton         Necr           ###...       1%          1
 Corona                   Hex            ###....      1%          1
 Summon Small Mammal      Summ           ###.         1%          1


Dungeon Overview and Level Annotations

Branches:
Dungeon (8/15)             Temple (1/1) D:5
   Lair: D:8-11

Altars:
Ashenzari
Cheibriados
Dithmenos
Elyvilon
Kikubaaqudgha
Makhleb
Nemelex Xobeh
Ru
Trog
Uskayaw
Vehumet
Wu Jian
Yredelemnul
Zin
The Shining One


Innate Abilities, Weirdness & Mutations

Your experience applies equally to all skills.
You have very sharp teeth.
Your uncanny sense of smell can sniff out nearby items.


Message History

The wall freezes the howler monkey!
You kill the howler monkey!
Vehumet accepts your kill.
You feel your power returning.
There is an open door here.
Things that are here:
a cursed -3 long sword; a +2 scale mail of fire resistance The frozen ramparts melt away.
Casting: Frozen Ramparts (safe; 1% risk of failure)
Confirm with . or Enter, or press ? or * to list all spells.
You feel a surge of power!
You miscast Summon Ice Beast.
You are very lightly contaminated with residual magic.
Nothing appears to happen.
The komodo dragon bites you!!
* * * LOW HITPOINT WARNING * * *
You hear an angry hiss.
You hear two shouts!
You feel much better. The komodo dragon bites you!
* * * LOW HITPOINT WARNING * * *
Okay, then.
You feel much better. The komodo dragon bites you!!
You die...

#.##.#.###### #.......#
#.##.#.# #.....##.#####.#
#.##.#.# #....(##.#####.#
#......# #.....##.##....#
#<.....# #.....##.##.##.#
#....#.# #.....##.##.##.#
#..#.#.# #....>.#.......#
#....#.# #.#.##.####.#####
.........###.#@##..))).....#
..###+###....(#l##..###'###..#
.# #....#....## ... .#
#....l..## . .#..# ####s####
.# .##..# #...# .# .. #..#
##8o8##.##. .. #.# +.....'....
.. .' ##8.8##.##.


You could see a komodo dragon, a scorpion, an orc and a leopard gecko.

Vanquished Creatures
  A yak (D:8)
  Duvessa (D:6)
  An orc warrior (D:8)
  A black bear (D:7)
  A phantom (D:7)
  An ogre (D:5)
  5 centaurs
  Blork the orc (D:6)
  2 bullfrogs
  3 scorpions
  Dowan (D:6)
  4 killer bees (D:7)
  3 wights (D:7)
  6 howler monkeys
  A centaur zombie (D:7)
  A quasit (D:8)
  A bullfrog skeleton (D:8)
  4 hounds
  4 orc priests
  3 orc wizards (D:6)
  2 iguanas
  A worker ant (D:4)
  A killer bee zombie (D:8)
  2 hound skeletons
  A worker ant zombie (D:5)
  4 gnolls (D:6)
  7 adders
  2 shadow imps
  2 oozes
  An adder skeleton (D:7)
  A worm (D:5)
  A dart slug (D:4)
  6 leopard geckos
  18 orcs
  2 ball pythons
  2 bats (D:1)
  A giant cockroach (D:3)
  10 goblins
  7 hobgoblins
  10 jackals
  4 quokkas
  3 frilled lizards
  8 kobolds
  2 quokka skeletons (D:5)
  A quokka zombie (D:7)
  6 rats
150 creatures vanquished.

Vanquished Creatures (collateral kills)
  2 wights
2 creatures vanquished.

Vanquished Creatures (others)
  6 plants (D:8)
6 creatures vanquished.

Grand Total: 158 creatures vanquished

Notes
Turn   | Place    | Note
-------+----------+-------------------------------------------
     0 | D:1      | robertstho the Gnoll Ice Elementalist began the quest for
                  | the Orb.
     0 | D:1      | Reached XP level 1. HP: 13/13 MP: 6/6
     0 | D:1      | Noticed an elf
     0 | D:1      | Noticed an ogre
     1 | D:1      | Noticed a spriggan
     3 | D:1      | Noticed a gargoyle
     5 | D:1      | Noticed a human
     7 | D:1      | Noticed a ghoul
     8 | D:1      | Noticed a human
    10 | D:1      | Noticed a gargoyle
    12 | D:1      | Noticed a minotaur
    12 | D:1      | Noticed a vampire
    14 | D:1      | Noticed a formicid
    16 | D:1      | Noticed a vampire
    16 | D:1      | Noticed a draconian
    16 | D:1      | Noticed a minotaur
    18 | D:1      | Noticed a dwarf
    18 | D:1      | Noticed a troll
    20 | D:1      | Noticed a minotaur
   406 | D:1      | Reached XP level 2. HP: 13/19 MP: 7/7
  1407 | D:2      | Reached XP level 3. HP: 24/25 MP: 3/9
  1408 | D:2      | Reached skill level 5 in Spellcasting
  1415 | D:1      | Learned a level 3 spell: Frozen Ramparts
  1419 | D:1      | Learned a level 3 spell: Ozocubu's Armour
  1566 | D:2      | Reached skill level 1 in Invocations
  2179 | D:2      | Reached skill level 1 in Fighting
  2179 | D:2      | Reached skill level 1 in Short Blades
  2179 | D:2      | Reached skill level 1 in Long Blades
  2179 | D:2      | Reached skill level 1 in Axes
  2179 | D:2      | Reached skill level 1 in Maces & Flails
  2179 | D:2      | Reached skill level 1 in Polearms
  2179 | D:2      | Reached skill level 1 in Staves
  2179 | D:2      | Reached skill level 1 in Slings
  2179 | D:2      | Reached skill level 1 in Bows
  2179 | D:2      | Reached skill level 1 in Crossbows
  2179 | D:2      | Reached skill level 1 in Throwing
  2179 | D:2      | Reached skill level 1 in Armour
  2179 | D:2      | Reached skill level 1 in Shields
  2179 | D:2      | Reached skill level 1 in Unarmed Combat
  2179 | D:2      | Reached skill level 1 in Evocations
  2370 | D:3      | Reached XP level 4. HP: 32/32 MP: 7/11
  2564 | D:3      | Reached skill level 1 in Conjurations
  2564 | D:3      | Reached skill level 1 in Hexes
  2564 | D:3      | Reached skill level 1 in Summonings
  2564 | D:3      | Reached skill level 1 in Necromancy
  2564 | D:3      | Reached skill level 1 in Translocations
  2564 | D:3      | Reached skill level 1 in Transmutations
  2564 | D:3      | Reached skill level 1 in Fire Magic
  2564 | D:3      | Reached skill level 1 in Air Magic
  2564 | D:3      | Reached skill level 1 in Earth Magic
  2564 | D:3      | Reached skill level 1 in Poison Magic
  2594 | D:3      | Found a faded altar of an unknown god.
  2933 | D:4      | Reached XP level 5. HP: 23/37 MP: 8/12
  3596 | D:4      | Reached XP level 6. HP: 38/44 MP: 9/13
  3669 | D:4      | Learned a level 4 spell: Hailstorm
  3674 | D:4      | Learned a level 4 spell: Summon Ice Beast
  3998 | D:4      | Reached skill level 5 in Dodging
  4159 | D:5      | Entered Level 5 of the Dungeon
  4162 | D:5      | Found a staircase to the Ecumenical Temple.
  4203 | Temple   | Entered the Ecumenical Temple
  4490 | Temple   | Became a worshipper of Vehumet
  4930 | D:5      | Reached XP level 7. HP: 45/51 MP: 10/15
  5465 | D:6      | Found a sacrificial altar of Ru.
  5477 | D:6      | Reached skill level 5 in Stealth
  5687 | D:6      | Noticed Blork the orc
  5697 | D:6      | Killed Blork the orc
  5827 | D:6      | Reached XP level 8. HP: 53/57 MP: 13/16
  6129 | D:6      | Reached * piety under Vehumet
  6129 | D:6      | Offered knowledge of Magic Dart by Vehumet.
  6204 | D:6      | Noticed Duvessa
  6204 | D:6      | Noticed Dowan
  6218 | D:6      | Killed Dowan
  6224 | D:6      | Killed Duvessa
  7314 | D:7      | Reached XP level 9. HP: 34/65 MP: 18/18
  7521 | D:7      | Got a translucent great mace
  7522 | D:7      | Identified the +5 great mace of the Reaper {freeze, Str+4
                  | Int-3 Dex+4} (You found it on level 7 of the Dungeon)
  8183 | D:7      | Learned a level 1 spell: Apportation
  8274 | D:8      | Reached skill level 8 in Ice Magic
  8292 | D:8      | Reached ** piety under Vehumet
  8321 | D:8      | Offered knowledge of Shock by Vehumet.
  8484 | D:8      | Noticed a komodo dragon
  8496 | D:8      | Noticed a two-headed ogre
  8501 | D:8      | HP: 1/66 [komodo dragon (27)]
  8503 | D:8      | Slain by a komodo dragon

Illustrated notes

Levels and vault maps discovered:
D:1:      shiori_arrival_whats_in_store_for_you, layout_basic
D:2:      layout_rooms, minmay_misc_feat_four_crosses,
          kennysheep_generic_room_12
D:3:      layout_rooms, chequers_ecumenical_altar_simple
D:4:      layout_cave_pools, grunt_ministairs_5, minivault_11
D:5:      layout_loops_ring, minmay_temple_entry_large_hall
D:6:      layout_loops_ring, nicolae_ru_awakened_eye, serial_bayou_pond_a,
          uniq_blork_the_orc, uniq_duvessa
D:7:      black_bear_nest_1, layout_basic, minmay_checkerbox
D:8:      minmay_the_grid_octo_tiled_octocenter
          [minmay_the_grid_octo_thin_diamonds, minmay_the_grid_octo_horde,
          minmay_the_grid_octo_tetromino_candy,
          minmay_the_grid_octo_vomiting_pacman, minmay_the_grid_octo_prize_star,
          minmay_the_grid_square_5x5_fancy_junction,
          minmay_the_grid_square_5x5_two_walls_b, minmay_the_grid_square_5x5_v,
          minmay_the_grid_square_5x5_inner_z], layout_loops_cross,
          grunt_temple_overflow_cloverleaf, gammafunk_temple_overflow_pools,
          serial_shops, nicolae_shop_temple_entry_statues_fountains,
          minmay_lizard_king, uniq_maurice
Temple:   minmay_temple_curvy_branch

Skill      XL: |  1  2  3  4  5  6  7  8  9 |
---------------+----------------------------+-----
Spellcasting   | 5 6 |  6.8
Invocations    | 1 2 3 4 |  4.9
Fighting       | 1 2 3 4 |  4.4
Short Blades   | 1 2 3 4 |  4.4
Long Blades    | 1 2 3 4 |  4.4
Axes           | 1 2 3 4 |  4.4
Maces & Flails | 1 2 3 4 |  4.4
Polearms       | 1 2 3 4 |  4.4
Staves         | 1 2 3 4 |  4.4
Slings         | 1 2 3 4 |  4.4
Bows           | 1 2 3 4 |  4.4
Crossbows      | 1 2 3 4 |  4.4
Throwing       | 1 2 3 4 |  4.4
Armour         | 1 2 3 4 |  4.4
Shields        | 1 2 3 4 |  4.4
Unarmed Combat | 1 2 3 4 |  4.4
Evocations     | 1 2 3 4 |  4.4
Conjurations   | 1 2 3 |  3.7
Hexes          | 1 2 3 |  3.7
Summonings     | 1 2 3 |  3.7
Necromancy     | 1 2 3 |  3.7
Translocations | 1 2 3 |  3.7
Transmutations | 1 2 3 |  3.7
Fire Magic     | 1 2 3 |  3.7
Air Magic      | 1 2 3 |  3.7
Earth Magic    | 1 2 3 |  3.7
Poison Magic   | 1 2 3 |  3.7
Dodging        | 5 6 |  6.5
Stealth        | 5 6 |  6.2
Ice Magic      | 8 |  8.1

Action                   |  1- 3 |  4- 6 |  7- 9 || total
-------------------------+-------+-------+-------++-------
Melee: Hand axe          |    66 |    41 |       ||   107
       Bite              |     5 |     8 |     4 ||    17
       Unarmed           |     2 |       |       ||     2
       Morningstar       |       |    56 |       ||    56
       Punch             |       |     1 |       ||     1
       Trident           |       |       |    11 ||    11
       Glaive            |       |       |    28 ||    28
       Great mace        |       |       |    16 ||    16
 Fire: Shortbow          |       |       |   135 ||   135
 Cast: Freeze            |    18 |     5 |     4 ||    27
       Frozen Ramparts   |     4 |    17 |    18 ||    39
       Summon Ice Beast  |       |       |     8 ||     8
Evoke: Wand              |       |       |     1 ||     1
  Use: Scroll            |       |     5 |       ||     5
       Potion            |       |       |     2 ||     2
 Stab: Sleeping          |     5 |    11 |       ||    16
       Distracted        |       |       |     2 ||     2
Armor: Robe              |     9 |    14 |    17 ||    40
Dodge: Dodged            |    60 |    93 |   113 ||   266

Table legend: (Time is in decaauts)
 A = Elapsed time spent in this place.
 B = Non-inter-level travel time spent in this place.
 C = Inter-level travel time spent in this place.
 D = Time resting spent in this place.
 E = Time spent auto-exploring this place.
 F = Levels seen in this place.
 G = Mean time per level.
                   A        B        C        D        E       F      G
               +--------+--------+--------+--------+--------+-----+--------+
         Total |   8588 |   8385 |    203 |     58 |   7142 |   9 |  954.2 |
       Dungeon |   8276 |   8123 |    153 |     58 |   6881 |   8 | 1034.5 |
        Temple |    312 |    262 |     50 |      0 |    261 |   1 |  312.0 |
               +--------+--------+--------+--------+--------+-----+--------+

Top non-repeatable levels by time:
     D:7: 1571 daAuts
     D:1: 1477 daAuts
     D:6: 1448 daAuts
     D:4: 1244 daAuts
     D:2: 903 daAuts
     D:5: 754 daAuts
     D:3: 568 daAuts
  Temple: 312 daAuts
     D:8: 308 daAuts
